Map: Jagannatha LE

Players

ViBE - Winner!

  • Race: Protoss Protoss
  • League: Platinum
  • Spawn Location: 1:00

nuttysquirel

  • Race: Zerg Zerg
  • League: Platinum
  • Spawn Location: 7:00

VOD

Have the link to the VOD?

Description

Time

  • Played on: March 31, 2021, 10:21 p.m.
  • Length: 13:36
Show
View Real Time Build Order
Export as new Build Order

ViBE Protoss - Winner!

Build Orders: Archon Immortal 

Get SALT Encoding   

  12  0:09  Probe  
  13  0:21  Probe  
  14  0:22  Pylon  
  14  0:33  Probe  
  15  0:41  Gateway  
  15  0:45  Probe  
  16  0:59  Forge  
  16  1:03  Probe  
  17  1:15  Probe  
  18  1:27  Probe  
  19  1:34  Cybernetics Core  
  19  1:36  Photon Cannon  
  19  1:40  Probe  
  20  1:54  Nexus  
  20  1:56  Probe  
  21  2:07  Zealot  
  23  2:10  Pylon  
  23  2:28  Probe  
  24  2:34  Nexus  
  24  2:40  Probe  
  25  2:53  Probe (Chrono Boost)  
  26  3:03  Probe (Chrono Boost)  
  27  3:07  Probe (Chrono Boost)  
  27  3:10  Probe  
  27  3:12  Pylon  
  29  3:16  Pylon  
  29  3:17  Assimilator  
  30  3:21  Probe (Chrono Boost)  
  30  3:22  Probe (Chrono Boost)  
  30  3:24  Assimilator  
  30  3:27  Assimilator  
  33  3:34  Probe (Chrono Boost)  
  33  3:36  Assimilator, Probe (Chrono Boost)  
  34  3:43  Probe (Chrono Boost)  
  34  3:44  Probe (Chrono Boost)  
  34  3:50  Probe (Chrono Boost)  
  34  3:52  Probe x2 (Chrono Boost)  
  37  4:00  Probe  
  37  4:01  Probe (Chrono Boost)  
  40  4:05  Assimilator  
  40  4:08  Stalker  
  40  4:09  Warp Gate  
  41  4:12  Probe (Chrono Boost)  
  41  4:15  Probe (Chrono Boost)  
  43  4:21  Probe (Chrono Boost)  
  44  4:25  Gateway  
  44  4:26  Probe x2 (Chrono Boost)  
  44  4:27  Robotics Facility  
  46  4:54  Nexus  
  46  4:55  Pylon  
  46  4:57  Pylon  
  46  5:02  Pylon  
  46  5:08  Pylon  
  46  5:12  Pylon  
  46  5:13  Probe x2 (Chrono Boost)  
  48  5:16  Immortal  
  48  5:18  Stalker  
  48  5:20  Sentry  
  56  5:25  Probe x2 (Chrono Boost)  
  58  5:32  Probe x2 (Chrono Boost)  
  60  5:39  Probe x2  
  62  5:44  Cybernetics Core  
  62  5:50  Gateway  
  62  5:51  Gateway, Probe  
  62  5:53  Gateway  
  62  5:54  Probe  
  62  5:55  Gateway  
  64  5:58  Shield Battery  
  64  6:02  Stalker x2  
  64  6:03  Probe  
  67  6:18  Probe x3  
  68  6:30  Immortal  
  72  6:32  Stalker  
  72  6:33  Stalker  
  72  6:34  Probe x2  
  72  6:35  Probe  
  72  6:37  Pylon  
  79  6:41  Pylon  
  79  6:46  Stalker x2  
  83  6:47  Stalker  
  83  6:49  Stalker  
  83  6:51  Probe x2  
  87  6:55  Probe  
  87  7:01  Stalker  
  87  7:03  Probe x2  
  91  7:11  Immortal  
  91  7:12  Stalker x2  
  91  7:13  Stalker  
  91  7:15  Stalker  
  103  7:17  Probe x2  
  103  7:19  Probe  
  106  7:29  Probe x2  
  108  7:31  Probe  
  109  7:41  Nexus  
  109  7:44  Pylon  
  109  7:46  Stalker x2  
  109  7:47  Stalker x2  
  117  7:56  Pylon  
  117  7:59  Twilight Council  
  117  8:00  Pylon  
  117  8:01  Forge  
  117  8:02  Observer  
  117  8:03  Forge  
  118  8:08  Probe  
  118  8:09  Probe x2  
  121  8:15  Zealot  
  121  8:16  Zealot x4  
  131  8:21  Pylon  
  131  8:39  Stalker x2  
  131  8:40  Stalker x3  
  141  8:44  Probe x2  
  141  8:46  Protoss Ground Weapons Level 1 (Chrono Boost), Protoss Ground Armor Level 1 (Chrono Boost)  
  143  8:49  Charge (Chrono Boost)  
  143  8:53  Pylon, Probe  
  144  8:55  Immortal  
  144  8:56  Probe  
  144  9:00  Templar Archives  
  139  9:04  Probe x2  
  139  9:05  Probe  
  137  9:10  Assimilator  
  137  9:12  Assimilator  
  137  9:17  Zealot x4  
  137  9:18  Zealot  
  137  9:24  Assimilator, Probe x4  
  145  9:28  Assimilator  
  143  9:35  Observer  
  144  9:43  High Templar x3  
  144  9:44  High Templar, Zealot  
  154  9:49  Archon  
  154  9:50  Archon  
  154  9:51  Probe x2  
  156  9:58  Probe x2  
  158  10:03  Probe x2  
  160  10:12  Pylon  
  160  10:14  Pylon  
  160  10:19  Robotics Facility  
  160  10:20  Pylon  
  160  10:23  Nexus  
  160  10:25  Gateway  
  160  10:26  Gateway  
  160  10:27  Pylon  
  160  10:30  Pylon  
  160  10:31  Gateway  
  160  10:33  Gateway  
  160  10:34  Probe x3  
  160  10:35  Probe  
  164  10:37  Gateway  
  164  10:39  Gateway  
  164  10:42  Protoss Ground Weapons Level 2 (Chrono Boost), Protoss Ground Armor Level 2 (Chrono Boost)  
  168  10:50  Immortal  
  168  10:57  Zealot x5  
  178  11:13  Assimilator  
  178  11:16  Nexus  
  178  11:17  Pylon  
  178  11:18  Gateway  
  178  11:19  Assimilator, Gateway  
  178  11:20  Pylon  
  178  11:21  Gateway  
  178  11:22  Gateway  
  178  11:24  Gateway  
  178  11:26  Gateway  
  178  11:29  Gateway  
  178  11:32  Gateway  
  178  11:36  Immortal x2  
  178  11:37  High Templar  
  178  11:38  High Templar x6  
  200  11:41  Archon  
  200  11:42  Archon x2  
  200  12:15  Photon Cannon  
  200  12:19  Photon Cannon x2  
  200  12:20  Shield Battery  
  200  12:21  Photon Cannon  
  200  12:23  Shield Battery, Photon Cannon  
  200  12:25  Photon Cannon  
  200  12:26  Shield Battery  
  200  12:29  Photon Cannon  
  198  12:32  Photon Cannon x2  
  198  12:34  Shield Battery  
  198  12:35  Photon Cannon  
  198  12:36  Shield Battery  
Show
View Real Time Build Order
Export as new Build Order

nuttysquirel Zerg 

Build Orders: Hatch First 

Get SALT Encoding   

  12  0:00  Drone  
  13  0:10  Drone  
  14  0:18  Extractor, Drone  
  15  0:33  Overlord  
  15  0:45  Extractor  
  15  0:46  Extractor  
  13  1:02  Hatchery  
  12  1:30  Spawning Pool  
  11  1:42  Extractor  
  11  2:24  Zergling x2  
  11  2:25  Zergling x4  
  11  2:27  Queen, Hatchery  
  15  2:38  Hatchery  
  14  2:57  Roach Warren  
  13  3:03  Drone  
  14  3:40  Drone x4  
  14  3:41  Extractor  
  17  3:44  Extractor  
  16  3:57  Spine Crawler  
  15  4:10  Queen  
  17  4:31  Drone  
  17  4:32  Drone  
  16  4:49  Spine Crawler  
  15  4:53  Spine Crawler  
  15  4:54  Zergling x2  
  15  4:55  Zergling x2  
  16  5:05  Drone x2  
  18  5:40  Drone x5  
  22  6:27  Roach x5  
  22  6:30  Overlord  
  31  7:10  Roach x3  
  37  7:27  Drone  
  37  7:28  Drone x2  
  40  7:40  Overlord x2  
  40  7:49  Queen  
  42  8:09  Drone x3  
  47  8:12  Ravager  
  47  8:13  Ravager x7  
  47  8:18  Roach  
  47  8:19  Roach  
  57  8:51  Spine Crawler, Overlord  
  57  8:52  Spine Crawler, Overlord  
  57  8:53  Spine Crawler  
  36  9:18  Roach  
  36  9:19  Roach x6  
  47  9:49  Roach x3  
  47  9:50  Roach x3  
  59  10:16  Lair  
  59  10:25  Drone  
  59  10:27  Overlord x3  
  60  10:57  Overlord  
  60  10:58  Overlord x3  
  60  11:10  Drone x3  
  63  11:13  Drone x3  
  63  11:17  Overseer  
  66  11:32  Spire  
  65  11:41  Drone  
  65  11:42  Drone x2  
  68  11:58  Hatchery  
  68  11:59  Drone  
  69  12:01  Drone  
  69  12:03  Overseer  
  69  12:06  Drone  
  69  12:08  Drone  
  71  12:16  Metabolic Boost  
  71  12:21  Extractor  
  71  12:22  Extractor  
  69  12:26  Drone x2  
  69  12:27  Drone x2  
  71  13:07  Mutalisk x5  
  71  13:08  Mutalisk  
Tags
 
Composition
Archon Immortal
Matchup
PvZ
Player
ViBE
Replay Pack
Platinum_League
Spawn Locations
Cross Positions
Add a new tag
Caveats
  • Supply blocks, unpowered buildings, or Contaminate may cause inaccurate times.
  • Supply counts are checked every 10 seconds.